 Dungeon Crawl Stone Soup version 0.24-a0-264-gf46a388 (webtiles) character file.

Game seed: 5644848078137838928

77952 Espgualade the Destroyer (level 15, -4/108 HPs)
             Began as a Tengu Ice Elementalist on Apr 19, 2019.
             Was a High Priest of Vehumet.
             Slain by a ghost moth (5 damage)
             ... on level 3 of the Lair of Beasts on Apr 20, 2019.
             The game lasted 02:28:44 (40618 turns).

Espgualade the Destroyer (Tengu Ice Elementalist)  Turns: 40618, Time: 02:28:45

Health: -4/108     AC: 19    Str: 13 (15) XL:     15   Next: 58%
Magic:  0/32       EV: 19    Int: 14 (21) God:    Vehumet [*****.]
Gold:   80         SH:  0    Dex:  8 (12) Spells: 3/38 levels left

rFire    . . .     SeeInvis .   d - +4 rapier (venom)
rCold    . . .     Gourm    .   (no shield)
rNeg     . . .     Faith    .   x - +3 leather armour {MR+}
rPois    .         Spirit   +   (helmet restricted)
rElec    .         Reflect  .   u - scarf {Spirit}
rCorr    .         Harm     .   K - +2 pair of gloves
MR       ++...                  (boots unavailable)
Stlth    ..........             (no amulet)
HPRegen  0.28/turn              t - +3 ring of protection
MPRegen  0.23/turn              y - +6 ring of protection

@: mighty, berserking, lethally poisoned (-4 -> -34), flying quickly and
evasively, very quick
A: beak, horns 1, talons 3, clumsy 1, able to fly
a: Stop Flying, Renounce Religion


You were on level 3 of the Lair of Beasts.
You worshipped Vehumet.
Vehumet was extremely pleased with you.
You were not hungry.

You visited 5 branches of the dungeon, and saw 23 of its levels.
You also visited: Sewer.

You collected 1986 gold pieces.
You spent 1906 gold pieces at shops.

Inventory:

Hand Weapons
 d - a +4 rapier of venom (weapon)
 h - a +1 morningstar of protection
 q - a +2 dagger of venom
 G - a +2 dagger of distortion
 I - a +0 falchion of protection
 Q - the +8 shortbow of Forgiveness {velocity, rF+ Int+5}
   (You found it on level 2 of the Spider Nest)

   Any arrow fired from it inflicts extra damage.
   It affects your intelligence (+5).
   It protects you from fire.
 R - a +2 dagger of venom
Armour
 u - a scarf of spirit shield (worn)
 x - a +3 leather armour of magic resistance (worn)
 J - a +1 robe of fire resistance
 K - a +2 pair of gloves (worn)
 P - a scarf of cloud immunity
Magical Staves
 k - an uncursed staff of power
 B - an uncursed staff of fire
 S - an uncursed staff of power
Jewellery
 r - an uncursed ring of wizardry
 t - a +3 ring of protection (left hand)
 y - a +6 ring of protection (right hand)
 C - an uncursed amulet of harm
 D - a +6 ring of dexterity
 H - an uncursed ring of flight
Wands
 p - a wand of random effects (34)
 w - a wand of flame (11)
 E - a wand of paralysis (34)
Scrolls
 b - a scroll of blinking
 g - 2 scrolls of noise
 j - 6 scrolls of teleportation
 m - 7 scrolls of enchant weapon
 o - 3 scrolls of magic mapping
 z - 10 scrolls of remove curse
 F - 4 scrolls of amnesia
 L - 2 scrolls of enchant armour
 N - 2 scrolls of fear
 O - 3 scrolls of identify
Potions
 e - 2 potions of brilliance
 i - 9 potions of flight
 l - 3 potions of haste
 n - 3 potions of might
 M - 2 potions of agility
Comestibles
 c - 29 rations


   Skills:
 - Level 9.0 Armour
 - Level 10.5 Dodging
 - Level 7.1 Stealth
 - Level 12.1 Spellcasting
 - Level 14.8 Conjurations
 - Level 12.0 Summonings
 - Level 10.0 Fire Magic
 - Level 5.0 Ice Magic
 + Level 1.2 Air Magic
 - Level 7.0 Poison Magic


You had 3 spell levels left.
You knew the following spells:

 Your Spells              Type           Power        Failure   Level  Hunger
a - Freeze                Ice            ###.         1%          1    None
b - Throw Frost           Conj/Ice       #####.       1%          2    None
c - Ozocubu's Armour      Chrm/Ice       ###.....     11%         3    None
d - Throw Icicle          Conj/Ice       #####...     1%          4    ###....
e - Summon Ice Beast      Ice/Summ       ####....     3%          4    ###....
f - Mephitic Cloud        Conj/Pois/Air  ####....     1%          3    None
g - Venom Bolt            Conj/Pois      #####.....   1%          5    #####..
h - Bolt of Fire          Conj/Fire      #####.....   2%          6    ######.
i - Spellforged Servitor  Conj/Summ      #####.....   10%         7    #######

Your spell library contained the following spells:

 Spells                   Type           Power        Failure   Level  Hunger
 Freezing Cloud           Conj/Ice/Air   ####......   22%         6    ######.
 Summon Small Mammal      Summ           ####         1%          1    None
 Ignite Poison            Fire/Tmut/Pois ###.....     1%          3    None
 Animate Skeleton         Necr           N/A          11%         1    None
 Apportation              Tloc           #.....       11%         1    None
 Confusing Touch          Hex            #.....       11%         1    None
 Confuse                  Hex            #.......     30%         3    None
 Gell's Gravitas          Tloc           #.........   30%         3    None
 Fireball                 Conj/Fire      #####.....   1%          5    #####..
 Bolt of Magma            Conj/Fire/Erth ####......   2%          5    #####..
 Iskenderun's Battlesphe  Conj/Chrm      ####....     4%          5    #####..
 Orb of Destruction       Conj           ######....   5%          7    #######
 Iron Shot                Conj/Erth      ####......   19%         6    ######.
 Yara's Violent Unravell  Hex/Tmut       #.........   54%         5    #####..
 Petrify                  Tmut/Erth      #.......     71%         4    ###....
 Metabolic Englaciation   Hex/Ice        ###.......   71%         5    #####..
 Ignition                 Fire           #####.....   93%         8    #######
 Ring of Flames           Chrm/Fire      ###.......   100%        7    #######


Dungeon Overview and Level Annotations

Branches:
Dungeon (12/15)            Temple (1/1) D:6            Lair (6/6) D:9
 Shoals (0/4) Lair:3       Spider (2/4) Lair:3        Slime (0/5) Lair:5
    Orc (2/2) D:10            Elf (0/3) Orc:2

Altars:
Ashenzari
Cheibriados
Dithmenos
Elyvilon
Fedhas
Gozag
Hepliaklqana
Kikubaaqudgha
Makhleb
Nemelex Xobeh
Okawaru
Qazlal
Ru
Sif Muna
Trog
Uskayaw
Vehumet
Wu Jian
Xom
Yredelemnul
Zin
The Shining One
Beogh

Shops:
D:10 (   Orc:2 :((?

Annotations:
Spider:1 3 runed translucent doors, Ogesh's ghost, adept DECj; alcopop's ghost, adept DrAr


Innate Abilities, Weirdness & Mutations

You have a beak for a mouth.
You have claws for feet.
You can fly continuously.
You have a pair of small horns on your head.
You are clumsy. (Dex -2)


Message History

Something poisons you! Something hits you!
* * * LOW HITPOINT WARNING * * *
Something hits you.
* * * LOW HITPOINT WARNING * * *
Something stings you.
* * * LOW HITPOINT WARNING * * *
Unknown command.
A red film seems to cover your vision as you go berserk!
You feel yourself moving faster!
You feel mighty!
* * * LOW HITPOINT WARNING * * *
You feel very sick.
Something hits you but does no damage. x2
Something stings you but does no damage.
You barely miss something. Your headbutt misses something.
* * * LOW HITPOINT WARNING * * *
You feel sick.
You feel you are being watched by something.
You feel your power leaking away. Something hits you.
You die...

#............######..#######..
##...##....P...# ##..........
#P...#......#.## #..........
#....P......+.# ##...##...#.
##..[.........# #....#......
#...^.......#.# ##...#......
#....##....#..# #..........
##...≈##≈.##≈.#######..........
#....≈≈≈.≈≈#..@#.#.##...#......
#...≈≈...≈..≈§{.........#..+#.#
##....≈#.>.≈≈.§§§§..............
#P.....≈≈..≈≈.§§................
###...###≈##≈≈.§#.#..##.##......
#P..≈≈#..≈##≈§.##########......
##....≈...≈≈...# #......
#.....##P#....####### ##......
#....#####....#.##..###.......


There were no monsters in sight!

Vanquished Creatures
  An ettin (Orc:1)
  2 hydras (Lair:6)
  8 two-headed ogres
  An ogre mage (Orc:2)
  Sonja (D:11)
  An iron troll (Orc:1)
  A deep troll (Orc:2)
  2 lindwurms (Lair:6)
  9 orb spiders
  2 cyclopes (Orc:2)
  9 wolf spiders
  An orc sorcerer (Orc:1)
  2 moths of wrath
  6 oklob plants
  10 elephants
  7 black mambas
  A gargoyle (D:8)
  7 spiny frogs
  4 torpor snails (Lair:6)
  Psyche (D:9)
  10 komodo dragons
  4 demonic crawlers
  A tengu conjurer (D:12)
  10 trolls
  15 jumping spiders
  5 hornets (Lair:6)
  9 polar bears
  3 tyrant leeches (Lair:6)
  4 raiju (Lair:6)
  7 hippogriffs
  11 blink frogs
  3 slime creatures (Lair:5)
  10 tarantellas
  8 redbacks
  A basilisk (Lair:4)
  A hungry ghost (D:9)
  37 yaks
  9 wargs
  17 water moccasins
  4 soldier ants (Spider:2)
  12 hell hounds (Lair:6)
  6 porcupines
  12 orc warriors
  2 sky beasts
  9 black bears (Lair:6)
  6 ice beasts
  An eye of draining (D:11)
  17 ogres
  2 phantoms (D:8)
  13 wolves (Lair:6)
  3 centaurs
  13 crocodiles
  14 bullfrogs
  6 big kobolds
  7 scorpions
  A water moccasin skeleton (D:8)
  7 killer bees
  2 wights (D:10)
  4 howler monkeys
  6 electric eels
  6 crimson imps
  4 centaur zombies
  A bullfrog zombie (D:10)
  5 jellies
  A quasit (D:8)
  11 hounds
  20 orc priests
  An iguana (D:6)
  Natasha (thrice) (D:4)
  22 orc wizards
  12 worker ants
  Terence (D:3)
  6 hound skeletons
  5 gnolls
  17 adders
  3 river rats
  3 shadow imps
  2 adder zombies (D:8)
  3 oozes
  2 adder skeletons (D:4)
  A worm (Sewer)
  5 dart slugs
  5 leopard geckos
  75 orcs
  3 ball pythons
  6 bats
  6 giant cockroaches
  8 goblins
  4 hobgoblins
  30 jackals
  10 quokkas
  9 frilled lizards
  A jackal zombie (D:5)
  31 kobolds
  A leopard gecko zombie (D:3)
  15 rats
  A plant (Lair:6)
727 creatures vanquished.

Vanquished Creatures (collateral kills)
  A fire dragon (Lair:6)
  2 hydras
  An ogre mage (Orc:2)
  A two-headed ogre (Orc:2)
  The ghost of Dernum the Ruffian, a novice TrBe of Trog (D:6)
  A deep elf mage (D:10)
  Joseph (D:9)
  A spiny frog (Lair:2)
  A torpor snail (Lair:6)
  A rime drake (Lair:6)
  2 komodo dragons (Lair:2)
  3 trolls
  2 polar bears
  A hornet (Lair:6)
  4 blink frogs
  2 yaks
  2 basilisks
  Grum (D:8)
  A hell hound (Lair:6)
  6 orc warriors
  2 black bears (Lair:6)
  2 ice beasts
  7 ogres
  8 wolves
  A bullfrog (Lair:1)
  6 killer bees
  9 wights
  A centaur zombie (D:8)
  An orc priest (D:11)
  6 orc wizards
  A shadow imp (D:8)
  13 orcs
  A goblin (D:10)
  4 jackals (D:10)
  A kobold (D:11)
  A plant (Lair:1)
99 creatures vanquished.

Vanquished Creatures (others)
  A ball python (D:2)
  15 fungi
  21 plants
  3 withered plants (Spider:1)
40 creatures vanquished.

Grand Total: 866 creatures vanquished

Notes
Turn   | Place    | Note
-------+----------+-------------------------------------------
     0 | D:1      | Espgualade the Tengu Ice Elementalist began the quest for
                  | the Orb.
     0 | D:1      | Reached XP level 1. HP: 10/10 MP: 4/4
   211 | D:1      | Reached XP level 2. HP: 4/15 MP: 0/6
   781 | D:1      | Learned a level 2 spell: Throw Frost
   870 | D:1      | Reached XP level 3. HP: 11/19 MP: 1/7
   933 | D:1      | Learned a level 3 spell: Ozocubu's Armour
  1649 | D:2      | Reached XP level 4. HP: 5/24 MP: 8/8
  2231 | D:2      | Found a stormy altar of Qazlal.
  2287 | D:2      | Reached skill level 5 in Ice Magic
  2349 | D:2      | Gained mutation: You can fly continuously. [Tengu growth]
  2349 | D:2      | Reached XP level 5. HP: 27/28 MP: 6/9
  3077 | D:3      | Found an ornate altar of the Wu Jian Council.
  3077 | D:3      | Found a hide-covered altar of Uskayaw.
  3077 | D:3      | Found a snail-covered altar of Cheibriados.
  3077 | D:3      | Found a blossoming altar of Fedhas.
  3111 | D:3      | Reached XP level 6. HP: 18/32 MP: 5/10
  3241 | D:3      | Found a bloodstained altar of Trog.
  3241 | D:3      | Found a deep blue altar of Sif Muna.
  3258 | D:3      | Noticed Terence
  3305 | D:3      | Found a basalt altar of Yredelemnul.
  3385 | D:3      | Found a glowing drain.
  3393 | D:3      | Reached skill level 5 in Dodging
  3409 | Sewer    | Entered a sewer
  3452 | Sewer    | HP: 1/32 [poisoned by a kobold]
  3998 | Sewer    | Reached XP level 7. HP: 36/36 MP: 0/11
  4461 | D:3      | Found a glowing golden altar of the Shining One.
  4611 | D:3      | Killed Terence
  4791 | D:3      | Learned a level 4 spell: Throw Icicle
  5342 | D:4      | Noticed Natasha
  5349 | D:4      | Killed Natasha
  5432 | D:4      | Learned a level 4 spell: Summon Ice Beast
  5507 | D:4      | Reached XP level 8. HP: 39/41 MP: 16/16
  5874 | D:4      | Reached skill level 5 in Spellcasting
  6045 | D:4      | Noticed Natasha
  6050 | D:4      | Killed Natasha
  6239 | D:4      | Noticed Natasha
  6250 | D:4      | Killed Natasha
  6651 | D:5      | Entered Level 5 of the Dungeon
  6798 | D:5      | Reached skill level 2 in Conjurations
  6798 | D:5      | Reached skill level 1 in Summonings
  7211 | D:5      | Reached skill level 3 in Conjurations
  7372 | D:5      | Reached skill level 4 in Conjurations
  7931 | D:6      | Reached skill level 5 in Conjurations
  7931 | D:6      | Reached XP level 9. HP: 39/45 MP: 8/19
  8015 | D:6      | Found a staircase to the Ecumenical Temple.
  8029 | Temple   | Entered the Ecumenical Temple
  8240 | D:6      | Found a large runed translucent door.
  8242 | D:6      | Found a large runed translucent door.
  8256 | D:6      | Noticed Dernum's ghost (novice TrBe)
  8306 | D:6      | Reached skill level 5 in Summonings
  8417 | D:6      | Reached skill level 6 in Conjurations
  9342 | D:7      | Reached skill level 7 in Conjurations
  9747 | D:8      | Reached skill level 8 in Conjurations
 10196 | D:8      | Noticed Grum
 10299 | D:8      | Reached skill level 9 in Conjurations
 10331 | D:8      | Reached XP level 10. HP: 50/50 MP: 15/20
 10505 | D:8      | Noticed a gargoyle
 10584 | D:8      | Killed Grum
 11307 | D:7      | Reached skill level 10 in Conjurations
 11929 | D:7      | Found a hazy altar of Hepliaklqana.
 12078 | D:9      | Upgraded the game from 0.24-a0-263-gbee43f9 to
                  | 0.24-a0-264-gf46a388
 12293 | D:9      | Gained mutation: You are clumsy. (Dex -2) [potion of
                  | mutation]
 12293 | D:9      | Gained mutation: You have a pair of small horns on your
                  | head. [potion of mutation]
 12533 | D:9      | Found a hazy altar of Hepliaklqana.
 12594 | D:9      | Reached skill level 10 in Summonings
 12706 | D:9      | Found a radiant altar of Vehumet.
 12715 | D:9      | Reached skill level 11 in Conjurations
 12717 | D:9      | Became a worshipper of Vehumet
 12734 | D:9      | Found an iron altar of Okawaru.
 12743 | D:9      | Noticed Psyche
 12780 | D:9      | Noticed Joseph
 12792 | D:9      | Killed Joseph
 13092 | D:9      | Found a staircase to the Lair.
 13424 | D:9      | Reached skill level 12 in Conjurations
 13737 | D:10     | Entered Level 10 of the Dungeon
 13739 | D:10     | Noticed a deep elf mage
 13751 | D:10     | Killed a deep elf mage
 13989 | D:10     | Reached * piety under Vehumet
 13989 | D:10     | Offered knowledge of Flame Tongue by Vehumet.
 14349 | D:10     | Reached XP level 11. HP: 54/54 MP: 8/21
 14417 | D:10     | Reached skill level 13 in Conjurations
 14985 | D:10     | Found a staircase to the Orcish Mines.
 15013 | D:10     | Reached ** piety under Vehumet
 15013 | D:10     | Offered knowledge of Throw Flame by Vehumet.
 15351 | D:10     | Found Papnyr's Weapon Boutique.
 16010 | D:11     | Noticed a two-headed ogre
 16035 | D:11     | Killed a two-headed ogre
 16035 | D:11     | Reached skill level 5 in Stealth
 16464 | D:11     | Offered knowledge of Stone Arrow by Vehumet.
 16708 | D:11     | Reached *** piety under Vehumet
 17106 | D:11     | Noticed Sonja
 17646 | D:11     | Killed Sonja
 17832 | D:12     | Noticed a tengu warrior
 18078 | D:9      | Killed Psyche
 18078 | D:9      | Offered knowledge of Mephitic Cloud by Vehumet.
 18227 | D:9      | Learned a level 3 spell: Mephitic Cloud
 18311 | Lair:1   | Entered Level 1 of the Lair of Beasts
 18320 | Lair:1   | Reached skill level 1 in Armour
 19175 | Lair:1   | Noticed an oklob plant
 19220 | Lair:1   | Reached skill level 5 in Armour
 19616 | Lair:1   | Killed an oklob plant
 19616 | Lair:1   | Reached XP level 12. HP: 26/59 MP: 15/22
 20319 | Lair:2   | Reached **** piety under Vehumet
 21573 | Lair:3   | Found a hole to the Spider Nest.
 21694 | Lair:3   | Offered knowledge of Venom Bolt by Vehumet.
 21709 | Lair:3   | Learned a level 5 spell: Venom Bolt
 21900 | Lair:3   | Found a staircase to the Shoals.
 22106 | Lair:3   | You are sucked into a shaft for 2 floors!
 22387 | Lair:5   | Found a staircase to the Slime Pits.
 23304 | Lair:5   | Noticed a six-headed hydra
 23319 | Lair:5   | Reached XP level 13. HP: 63/63 MP: 27/27
 23419 | Lair:5   | Reached skill level 10 in Spellcasting
 23594 | Lair:5   | Reached skill level 1 in Poison Magic
 23987 | Lair:4   | Learned a level 6 spell: Bolt of Fire
 24324 | Lair:4   | Reached ***** piety under Vehumet
 24328 | Lair:4   | Reached skill level 5 in Poison Magic
 24478 | Lair:4   | Offered knowledge of Bolt of Draining by Vehumet.
 24478 | Lair:4   | Reached skill level 1 in Fire Magic
 25843 | Lair:6   | Entered Level 6 of the Lair of Beasts
 25851 | Lair:6   | Reached skill level 5 in Fire Magic
 27292 | Lair:6   | Found a runed translucent door.
 27293 | Lair:6   | Noticed a fire dragon
 27644 | Lair:6   | Reached XP level 14. HP: 45/68 MP: 16/29
 27648 | Lair:6   | Reached skill level 10 in Fire Magic
 28580 | Lair:6   | Offered knowledge of Sticky Flame by Vehumet.
 32239 | D:6      | Killed Dernum's ghost
 32567 | Orc:1    | Entered Level 1 of the Orcish Mines
 32862 | Orc:2    | Entered Level 2 of the Orcish Mines
 33091 | Orc:2    | Found Cuyrisuk's Magic Scroll Emporium.
 33126 | Orc:2    | Reached skill level 14 in Conjurations
 33732 | Orc:1    | Offered knowledge of Orb of Destruction by Vehumet.
 35268 | Orc:2    | Reached skill level 10 in Dodging
 35268 | Orc:2    | Reached XP level 15. HP: 57/72 MP: 19/32
 35591 | Orc:2    | Found Gonezop's Antique Weapon Boutique.
 35598 | Orc:2    | Bought a scroll of teleportation for 45 gold pieces
 35598 | Orc:2    | Bought a scroll of fear for 52 gold pieces
 35598 | Orc:2    | Bought a scroll of identify for 30 gold pieces
 35598 | Orc:2    | Bought a scroll of teleportation for 45 gold pieces
 35598 | Orc:2    | Bought a scroll of acquirement for 780 gold pieces
 35598 | Orc:2    | Bought a scroll of enchant weapon for 112 gold pieces
 35598 | Orc:2    | Bought a scroll of remove curse for 45 gold pieces
 35598 | Orc:2    | Bought a scroll of fear for 52 gold pieces
 35598 | Orc:2    | Bought a scroll of teleportation for 45 gold pieces
 35608 | Orc:2    | Found Aginij's Antique Weapon Boutique.
 35614 | Orc:2    | Found Uqeubu's Book Emporium.
 35625 | Orc:2    | Found Ofoitoiz's Food Shop.
 35628 | Orc:2    | Found a staircase to the Elven Halls.
 35839 | Orc:2    | Found a roughly hewn altar of Beogh.
 36713 | Orc:1    | Learned a level 7 spell: Spellforged Servitor
 36979 | Spider:1 | Entered Level 1 of the Spider Nest
 37694 | Spider:1 | Found a runed translucent gate.
 37694 | Spider:1 | Found a runed translucent gate.
 37694 | Spider:1 | Found a runed translucent gate.
 37695 | Spider:1 | Noticed alcopop's ghost (adept DrAr)
 37696 | Spider:1 | Noticed Ogesh's ghost (adept DECj)
 38124 | Spider:1 | Offered knowledge of Freezing Cloud by Vehumet.
 39645 | Orc:2    | Bought a ration for 50 gold pieces
 39645 | Orc:2    | Bought a ration for 50 gold pieces
 39645 | Orc:2    | Bought a ration for 50 gold pieces
 39645 | Orc:2    | Bought a ration for 50 gold pieces
 39645 | Orc:2    | Bought a ration for 50 gold pieces
 39645 | Orc:2    | Bought a ration for 50 gold pieces
 39645 | Orc:2    | Bought a ration for 50 gold pieces
 39645 | Orc:2    | Bought a ration for 50 gold pieces
 39645 | Orc:2    | Bought a ration for 50 gold pieces
 39645 | Orc:2    | Bought a ration for 50 gold pieces
 39645 | Orc:2    | Bought a ration for 50 gold pieces
 39645 | Orc:2    | Bought a ration for 50 gold pieces
 39645 | Orc:2    | Bought a ration for 50 gold pieces
 39645 | Orc:2    | Bought a ration for 50 gold pieces
 40240 | Spider:2 | Got a bloodstained shortbow
 40241 | Spider:2 | Identified the +8 shortbow of Forgiveness {velocity, rF+
                  | Int+5} (You found it on level 2 of the Spider Nest)
 40329 | Spider:2 | Reached skill level 1 in Air Magic
 40617 | Lair:3   | HP: 3/108 [poisoned by a ghost moth]
 40618 | Lair:3   | HP: 1/108 [poisoned by a ghost moth]
 40618 | Lair:3   | Slain by a ghost moth

Levels and vault maps discovered:
D:1:      dpeg_arrival_yet_another_circle, layout_basic, serial_bayou_lagoon_a
D:2:      wad_woods_tower, layout_basic, grunt_qazlal_clouds
D:3:      layout_loops_ring, grunt_temple_overflow_open, tso_altar,
          portal_sewer_entry_a, minmay_misc_feat_iff, uniq_terence
D:4:      layout_layer_cave, first_ration, kennysheep_minor_cross, uniq_natasha
D:5:      layout_cave_pools
D:6:      layout_loops_ring, minmay_temple_entry_slanted,
          ebering_ghost_disaster_area
D:7:      layout_cave_pools, xom_butterflies, lemuel_doored_altar
D:8:      layout_basic, grunt_ogre_cave, uniq_grum
D:9:      layout_stronghold, nicolae_overflow_crystal_walls, erik_lair_island,
          basic_altar, chequers_serial_rivers_room_b,
          small_chamber_with_monster, lemuel_altar_in_water, uniq_psyche,
          uniq_joseph
D:10:     layout_irregular_city, erik_orc_3, serial_shops,
          nicolae_shop_waterfront
D:11:     layout_loops_ring, serial_co_window_serial, co_window_corner_a,
          co_window_paths_a, co_window_corner_a, co_window_paths_b,
          co_window_corner_a, co_window_paths_b, co_window_corner_b,
          co_window_corner_b, co_window_paths_c, co_window_corner_b,
          co_window_corner_b, co_window_cross_2, glass_columns_b,
          glass_columns_c, uniq_sonja
D:12:     layout_roguey, kb_tengu_band
Temple:   dpeg_chambers_temple
Lair:1:   layout_roguey, grunt_megastairs_4, lemuel_fruit_tree,
          serial_bayou_shore_a, minmay_lair_oklob_chamber,
          infiniplex_staircase_pool
Lair:2:   layout_small_grid, serial_bayou_ford_a,
          chequers_serial_rivers_large_a, st_stairs_5, grunt_megastairs_5
Lair:3:   dpeg_oklob_gauntlet, layout_chaotic_city, elwin_shoals_entry_rocks,
          nicolae_spider_entry_orb_guardian
Lair:4:   layout_cave_pods
Lair:5:   layout_loops_ring, minmay_slime_entry_pillars, lemuel_fruit_fields,
          grunt_megastairs_1, lemuel_fruit_fields
Lair:6:   hangedman_lair_caniforms_friends, layout_hall_layers, wormcave,
          grunt_megastairs_2
Spider:1: layout_spider_delve, gammafunk_ghost_cemetery
Spider:2: layout_spider_delve, zaba_anthell
Orc:1:    layout_caves
Orc:2:    st_orc_open, layout_caves, serial_shops, shop, mines1_david
Sewer:    sewer_co_15_rooms

Skill      XL: |  1  2  3  4  5  6  7  8  9 10 11 12 13 14 15 |
---------------+----------------------------------------------+-----
Ice Magic      | 3 4 5 |  5.0
Dodging        | 4 6 8 10 | 10.5
Spellcasting   | 4 6 9 10 12 | 12.1
Conjurations   | 5 9 12 13 14 | 14.8
Summonings     | 4 8 10 12 | 12.0
Stealth        | 7 |  7.1
Armour         | 5 9 |  9.0
Poison Magic   | 5 7 |  7.0
Fire Magic     | 9 10 | 10.0
Air Magic      | 1 |  1.2

Action                   |  1- 3 |  4- 6 |  7- 9 | 10-12 | 13-15 || total
-------------------------+-------+-------+-------+-------+-------++-------
Melee: Unarmed           |    13 |       |       |       |       ||    13
       Kick              |    10 |    10 |    55 |    60 |    17 ||   152
       Dagger            |    45 |    57 |       |       |       ||   102
       Peck              |     7 |     7 |    37 |    53 |     9 ||   113
       Morningstar       |       |    38 |   283 |   299 |       ||   620
       Headbutt          |       |       |       |    38 |     5 ||    43
       Staff             |       |       |       |    20 |    33 ||    53
       Rapier            |       |       |       |       |     9 ||     9
 Cast: Freeze            |    35 |    63 |   157 |   235 |   209 ||   699
       Throw Frost       |       |    15 |    61 |    41 |    10 ||   127
       Ozocubu's Armour  |       |       |     9 |     7 |     4 ||    20
       Summon Ice Beast  |       |       |     7 |    87 |    75 ||   169
       Throw Icicle      |       |       |       |   193 |   447 ||   640
       Venom Bolt        |       |       |       |    11 |   101 ||   112
       Mephitic Cloud    |       |       |       |     1 |    23 ||    24
       Bolt of Fire      |       |       |       |       |    45 ||    45
 Abil: Fly               |       |       |     1 |       |       ||     1
Evoke: Wand              |       |       |       |    14 |     8 ||    22
       Sack of spiders   |       |       |       |       |     1 ||     1
  Use: Potion            |     3 |     6 |     3 |     9 |    20 ||    41
       Scroll            |       |     5 |     3 |    10 |    14 ||    32
 Stab: Sleeping          |     3 |     3 |     4 |     2 |       ||    12
       Distracted        |       |       |       |     1 |       ||     1
  Eat: Chunk             |     3 |     7 |    21 |    59 |    43 ||   133
       Ration            |       |     1 |       |     6 |    15 ||    22
Armor: Robe              |    29 |    16 |   124 |   183 |       ||   352
       Skin              |       |    88 |       |       |       ||    88
       Leather armour    |       |       |       |    58 |   255 ||   313
Dodge: Dodged            |    79 |    96 |   498 |   633 |   564 ||  1870

Table legend:
 A = Non-vault XP
 B = Vault XP
 C = Vault XP percentage of total XP
 D = Non-vault monster count
 E = Vault monster count
 F = Vault count percentage of total count
                 A         B        C        D         E       F
            +---------+---------+-------+---------+---------+-------
      Total |   69429 |   41932 |  37.7 |     614 |     210 |  25.5
            +---------+---------+-------+---------+---------+-------
        D:1 |      56 |       0 |   0.0 |      30 |       0 |   0.0
        D:2 |     119 |      37 |  23.7 |      29 |       6 |  17.1
        D:3 |     202 |      50 |  19.8 |      32 |       6 |  15.8
        D:4 |     635 |      35 |   5.2 |      30 |       1 |   3.2
        D:5 |     775 |       0 |   0.0 |      26 |       0 |   0.0
        D:6 |     975 |     650 |  40.0 |      25 |       1 |   3.8
        D:7 |     871 |       0 |   0.0 |      21 |       0 |   0.0
        D:8 |    1893 |     335 |  15.0 |      36 |       4 |  10.0
        D:9 |    1607 |    1203 |  42.8 |      27 |      13 |  32.5
       D:10 |    1752 |     698 |  28.5 |      44 |      18 |  29.0
       D:11 |    3486 |     795 |  18.6 |      52 |       1 |   1.9
       D:12 |       0 |     338 | 100.0 |       0 |       1 | 100.0
     Lair:1 |    2403 |     585 |  19.6 |      13 |       2 |  13.3
     Lair:2 |    3715 |      90 |   2.4 |      24 |       1 |   4.0
     Lair:3 |    7348 |    2741 |  27.2 |      28 |       5 |  15.2
     Lair:4 |    6598 |       0 |   0.0 |      27 |       0 |   0.0
     Lair:5 |    4742 |    3503 |  42.5 |      23 |      12 |  34.3
     Lair:6 |    8928 |   16384 |  64.7 |      30 |      75 |  71.4
   Spider:1 |   12982 |       0 |   0.0 |      36 |       0 |   0.0
   Spider:2 |    5041 |     704 |  12.3 |      14 |       7 |  33.3
      Orc:1 |    3762 |    2020 |  34.9 |      40 |       5 |  11.1
      Orc:2 |    1539 |   11410 |  88.1 |      27 |      32 |  54.2
      Sewer |       0 |     354 | 100.0 |       0 |      20 | 100.0
            +---------+---------+-------+---------+---------+-------
